 Dungeon Crawl Stone Soup version 0.30-a0-393-g54b8e3be05 (webtiles) character file.

Game seed: 13410738417872763384

4644 zishaf the Zephyrmancer (level 10, 0/64 HPs)
             Began as a Tengu Air Elementalist on Dec 5, 2022.
             Was a Follower of Ashenzari.
             Slain by a death yak (15 damage)
             ... on level 7 of the Dungeon.
             The game lasted 00:14:31 (10705 turns).

zishaf the Zephyrmancer (Tengu Air Elementalist)   Turns: 10705, Time: 00:14:31

Health: 0/64       AC: 12    Str:  8    XL:     10   Next: 43%
Magic:  6/17       EV: 14    Int: 33    God:    Ashenzari [*.....]
Gold:   339        SH:  0    Dex: 14    Spells: 10/17 levels left

rFire   x . .      SeeInvis .    a - +10 falchion of Instinct {vorpal, *Corrode +Blink rF- rC+++}
rCold   + + +      Faith    .    (no shield)
rNeg    . . .      Spirit   .    B - +3 leather armour
rPois   +          Reflect  .    (helmet restricted)
rElec   .          Harm     .    u - +2 cloak {rPois}
rCorr   .          Rampage  .    c - +2 pair of gloves
Will    .....                    (boots unavailable)
Stlth   ++........               (no amulet)
HPRegen 0.30/turn                t - ring of the Bound Heavens {Int+6, Elem, Alch} (curse)
MPRegen 0.15/turn                s - ring of the Bound Mistrust {Int+6, Range, Cun} (curse)

@: flying quickly and evasively, quick
A: beak, talons 3, nimble flight
a: Renounce Religion, Evoke Blink, Shatter the Chains


You were on level 7 of the Dungeon.
You worshipped Ashenzari.
Ashenzari was aware of your devotion.
You visited 2 branches of the dungeon, and saw 9 of its levels.
You also visited: Sewer.

You collected 521 gold pieces.
You spent 182 gold pieces at shops.

Inventory:

Hand Weapons
 a - the +10 falchion of Instinct (weapon) {vorpal, *Corrode +Blink rF- rC+++}
   (You found it on level 5 of the Dungeon)

   It inflicts extra damage upon your enemies.
   rF:        It makes you vulnerable to fire.
   rC:        It renders you almost immune to cold.
   +Blink:    It lets you blink.
   *Corrode:  It may corrode you when you take damage.
 b - a +4 short sword
Armour
 c - a +2 pair of gloves (worn)
 u - a +2 cloak of poison resistance (worn)
 y - the +2 scale mail of Efidd {rC+}
   (You found it on level 5 of the Dungeon)

   rC:        It protects you from cold.
 B - a +3 leather armour (worn)
Magical Staves
 j - a staff of fire
Jewellery
 p - a ring of see invisible
 s - the cursed ring of the Bound Mistrust (right hand) {Int+6, Range, Cun}
   (You found it on level 3 of the Dungeon)

   [ring of intelligence]

   Int:       It affects your intelligence (+6).
   It has a curse which improves the following skills: Ranged Combat: Ranged
   Weapons and Throwing.
   Cunning:   Dodging and Stealth.
 t - the cursed ring of the Bound Heavens (left hand) {Int+6, Elem, Alch}
   (You found it on level 3 of the Dungeon)

   [ring of intelligence]

   Int:       It affects your intelligence (+6).
   It has a curse which improves the following skills: Elements: Fire Magic, Ice
   Magic, Air Magic and Earth Magic.
   Alchemy:   Poison Magic and Transmutations.
 w - a +6 ring of intelligence
Scrolls
 e - a scroll of vulnerability
 f - a scroll of blinking
 v - 2 scrolls of poison
 x - a scroll of teleportation
 z - a scroll of enchant weapon
 A - a scroll of butterflies
Potions
 d - 2 potions of magic
 g - 2 potions of might
 h - a potion of berserk rage
 i - 3 potions of haste
 k - a potion of brilliance
 l - a potion of ambrosia
 m - a potion of cancellation
 n - 3 potions of invisibility
 o - 7 potions of curing
 q - a potion of mutation
 r - 3 potions of heal wounds


   Skills:
 + Level 8.0 Fighting
 - Level 2.1(2.8) Dodging
 - Level 2.0(2.6) Stealth
 - Level 4.0 Spellcasting
 + Level 10.6 Conjurations
 + Level 12.2(13.0) Air Magic


You had 10 spell levels left.
You knew the following spells:

 Your Spells              Type           Power      Damage    Failure   Level
a - Shock                 Conj/Air       100%       1d9       1%          1
b - Airstrike             Air            37%        2d(6-22)  1%          4
A - Static Discharge      Conj/Air       100%       2-7/arc   1%          2

Your spell library contained the following spells:

 Spells                   Type           Power      Damage    Failure   Level
 Magic Dart               Conj           100%       1d8       1%          1
 Mephitic Cloud           Conj/Pois/Air  56%        N/A       1%          3
 Swiftness                Air            75%        N/A       1%          3
 Call Imp                 Summ           6%         N/A       12%         2


Dungeon Overview and Level Annotations

Branches:
Dungeon (8/15)             Temple (1/1) D:6           Sewer (visited)
   Lair: D:8-11

Altars:
Ashenzari
Cheibriados
Dithmenos
Elyvilon
Fedhas
Gozag
Hepliaklqana
Kikubaaqudgha
Makhleb
Nemelex Xobeh
Qazlal
Ru
Sif Muna
Trog
Uskayaw
Vehumet
Xom
Yredelemnul
Zin
The Shining One

Shops:
D:7 !


Innate Abilities, Weirdness & Mutations

You have a beak for a mouth.
You have claws for feet.
Your magical nature lets you fly swiftly and evasively.


Message History

Confirm with . or Enter, or press ? or * to list all spells.
The death yak is struck by an arc of lightning.
The death yak is moderately wounded.
You are struck by an arc of lightning.
The lightning grounds out.
The death yak gores you.
Casting: Static Discharge (safe; 1% risk of failure)
Confirm with . or Enter, or press ? or * to list all spells.
The death yak is struck by an arc of lightning.
The death yak is moderately wounded.
You are struck by an arc of lightning.
The lightning grounds out.
The death yak gores you!
Casting: Static Discharge (safe; 1% risk of failure)
Confirm with . or Enter, or press ? or * to list all spells.
The death yak is struck by an arc of lightning!
The death yak is moderately wounded.
You are struck by an arc of lightning.
The death yak is struck by an arc of lightning.
The death yak is heavily wounded.
The lightning grounds out.
The death yak barely misses you.
Casting: Static Discharge (safe; 1% risk of failure)
Confirm with . or Enter, or press ? or * to list all spells.
The death yak is struck by an arc of lightning.
The death yak is heavily wounded.
You are struck by an arc of lightning.
The lightning grounds out.
The death yak gores you.
* * * LOW HITPOINT WARNING * * *
Casting: Static Discharge (safe; 1% risk of failure)
Confirm with . or Enter, or press ? or * to list all spells.
The death yak is struck by an arc of lightning.
The death yak is heavily wounded.
You are struck by an arc of lightning.
* * * LOW HITPOINT WARNING * * *
The death yak is struck by an arc of lightning.
The death yak is heavily wounded.
You are struck by an arc of lightning.
* * * LOW HITPOINT WARNING * * *
The death yak is struck by an arc of lightning!
The death yak is severely wounded.
The lightning grounds out.
The death yak gores you!
You die...

.#.......# #.#
.###..##.# #.#
(......#.# #.#
.......#.# #.#
#..##..#.#####
#.#######
#..##..#.....##
#........
#......####...##
########.
...###.###.....#######
#....† ##.#
#........>Y@....#
#.###. #.#
#####.....#####.# #.#
## ##.# ##...## #.#
#.#### ##.# ##.## #.#
#.#... .#.# #.# #.#
#.#.## .#.# ######.#
#.# #.#.## ...#
#......# #.# ###.....
#### #.###### #.##
#......[ # #.# #..#
#.##....


You could see a death yak.

Vanquished Creatures
  A death yak (D:7)
  Pikel (D:5)
  Joseph (D:7)
  Sigmund (D:2)
  Grum (D:8)
  2 yaks (D:7)
  A steam dragon (D:8)
  2 water moccasins (D:6)
  Pargi (Sewer)
  2 black bears
  3 ice beasts
  An orc warrior (D:8)
  2 ogres (D:5)
  A centaur (D:6)
  3 wolves
  2 lemures (D:5)
  A phantom (D:4)
  A kobold brigand (D:6)
  3 bullfrogs
  A scorpion (D:5)
  A necrophage (D:5)
  2 killer bees (D:8)
  A howler monkey (D:5)
  A hound (D:5)
  A jelly (D:6)
  An orc priest (D:4)
  Crazy Yiuf (D:3)
  4 iguanas
  5 orc wizards
  11 gnolls
  9 adders
  2 shadow imps (D:5)
  2 ufetubi
  3 worms
  2 dart slugs (D:4)
  15 orcs
  8 ball pythons
  6 bats
  6 endoplasms
  4 giant cockroaches
  6 goblins
  6 hobgoblins
  2 jackals (D:2)
  2 quokkas
  7 frilled lizards
  10 kobolds
  4 rats
153 creatures vanquished.

Vanquished Creatures (others)
  An orc wizard (D:6)
1 creature vanquished.

Grand Total: 154 creatures vanquished

Notes
Turn   | Place    | Note
-------+----------+-------------------------------------------
     0 | D:1      | zishaf the Tengu Air Elementalist began the quest for the
                  | Orb.
     0 | D:1      | Reached XP level 1. HP: 10/10 MP: 4/4
   224 | D:1      | Reached XP level 2. HP: 16/16 MP: 1/6
  1128 | D:2      | Reached skill level 1 in Fighting
  1280 | D:2      | Reached XP level 3. HP: 20/20 MP: 5/7
  1324 | D:2      | Learned a level 2 spell: Static Discharge
  1440 | D:2      | Reached skill level 5 in Air Magic
  1566 | D:2      | Found a white marble altar of Elyvilon.
  1930 | D:2      | Reached XP level 4. HP: 25/25 MP: 3/8
  2048 | D:2      | Noticed Sigmund
  2059 | D:2      | Killed Sigmund
  2060 | D:2      | Reached skill level 6 in Air Magic
  2060 | D:2      | Gained mutation: Your magical nature lets you fly swiftly
                  | and evasively. [Tengu growth]
  2060 | D:2      | Reached XP level 5. HP: 26/31 MP: 0/9
  2060 | D:2      | Reached XP level 6. HP: 30/36 MP: 0/10
  2496 | D:3      | Found a glowing drain.
  2505 | D:3      | Reached skill level 7 in Air Magic
  2558 | Sewer    | Entered a sewer
  2605 | Sewer    | Noticed Pargi
  3002 | Sewer    | Killed Pargi
  3310 | D:3      | Learned a level 4 spell: Airstrike
  3497 | D:3      | Found a runed translucent door.
  3500 | D:3      | Noticed Crazy Yiuf
  3658 | D:3      | Killed Crazy Yiuf
  3659 | D:3      | Reached XP level 7. HP: 18/41 MP: 4/11
  3920 | D:4      | Reached skill level 8 in Air Magic
  3963 | D:4      | Reached skill level 5 in Conjurations
  4583 | D:4      | Found a glowing silver altar of Zin.
  5258 | D:4      | Found a glowing silver altar of Zin.
  5528 | D:5      | Entered Level 5 of the Dungeon
  5643 | D:5      | Identified the +10 falchion of Instinct {vorpal, *Corrode
                  | +Blink rF- rC+++}
  5797 | D:5      | Reached XP level 8. HP: 36/48 MP: 0/13
  6295 | D:5      | Identified the +2 scale mail of Efidd {rC+}
  6321 | D:5      | Noticed Pikel
  6333 | D:5      | Killed Pikel
  6334 | D:5      | Reached skill level 5 in Fighting
  6334 | D:5      | Reached skill level 9 in Air Magic
  6623 | D:5      | Found a sparkling altar of Nemelex Xobeh.
  7355 | D:6      | Reached XP level 9. HP: 36/54 MP: 9/16
  7507 | D:6      | Reached skill level 10 in Air Magic
  8370 | D:6      | Found a staircase to the Ecumenical Temple.
  8378 | Temple   | Entered the Ecumenical Temple
  8542 | Temple   | Became a worshipper of Ashenzari the Shackled
  8777 | D:7      | Found a glowing golden altar of the Shining One.
  8857 | D:7      | Found Laelih's Distillery.
  8865 | D:7      | Bought 2 potions of heal wounds for 140 gold pieces
  8865 | D:7      | Bought a potion of curing for 42 gold pieces
  8885 | D:7      | Noticed Joseph
  8927 | D:7      | Killed Joseph
  8928 | D:7      | Reached skill level 11 in Air Magic
  9507 | D:8      | Noticed Grum
  9654 | D:8      | Killed Grum
  9655 | D:8      | Reached XP level 10. HP: 25/63 MP: 10/17
  9830 | D:8      | Found a shimmering altar of Xom.
 10018 | D:8      | Reached skill level 10 in Conjurations
 10220 | D:8      | Noticed a death yak
 10220 | D:8      | Noticed a death yak
 10235 | D:7      | Reached * piety under Ashenzari
 10443 | D:8      | Noticed a death yak
 10454 | D:7      | Killed a death yak
 10455 | D:7      | Reached skill level 12 in Air Magic
 10705 | D:7      | Slain by a death yak

Illustrated notes

Levels and vault maps discovered:
D:1:      dpeg_arrival_water_temple_mockup, layout_basic
D:2:      layout_loops_ring, basic_altar, minmay_tree_intersection, uniq_sigmund
D:3:      layout_rooms, gup_sewer_entry_glass, minmay_checkerbox,
          uniq_crazy_yiuf_cottage
D:4:      layout_loops_ring, lemuel_tele_altar
D:5:      layout_loops_corners, nemelex_dance_club_becter, st_stairs_11,
          uniq_pikel
D:6:      layout_basic, minmay_temple_entry_butterflies
D:7:      layout_loops_ring, mainiacjoe_overflow_catwalk, serial_shops, shop,
          uniq_joseph
D:8:      layout_cave_pools, lemuel_round_altar, nicolae_wu_jian_wuxing_cycle,
          dpeg_lair_monsters, minivault_26, uniq_amaemon, uniq_grum
Temple:   regret_index_temple_sphere_string

Skill      XL: |  1  2  3  4  5  6  7  8  9 10 |
---------------+-------------------------------+-----
Conjurations   | 2 4 5 7 9 10 | 10.6
Fighting       | 1 2 3 4 5 7 8 |  8.0
Air Magic      | 5 6 7 8 9 11 12 | 12.2
Spellcasting   | 4 |  4.0
Dodging        | |  2.1
Stealth        | |  2.0

Action                   |  1- 3 |  4- 6 |  7- 9 | 10-12 || total
-------------------------+-------+-------+-------+-------++-------
Melee: Dagger            |    10 |     8 |    35 |       ||    53
       Peck              |     3 |     2 |     8 |     3 ||    16
       Kick              |     2 |     3 |    23 |     3 ||    31
       Unarmed           |     1 |       |       |       ||     1
       Punch             |       |       |     2 |       ||     2
       Falchion          |       |       |    31 |     5 ||    36
 Cast: Shock             |    79 |    60 |   106 |     6 ||   251
       Static Discharge  |       |    14 |    58 |    34 ||   106
       Airstrike         |       |       |       |     2 ||     2
Invok: Curse Item        |       |       |     1 |     1 ||     2
  Use: Scroll            |       |     5 |     6 |       ||    11
       Potion            |       |       |     1 |       ||     1
 Stab: Sleeping          |       |       |     3 |       ||     3
Armor: Robe              |     9 |     4 |    16 |       ||    29
       Leather armour    |       |       |    20 |    14 ||    34
Dodge: Dodged            |    26 |    13 |    88 |    31 ||   158

Table legend: (Time is in decaauts)
 A = Elapsed time spent in this place.
 B = Non-inter-level travel time spent in this place.
 C = Inter-level travel time spent in this place.
 D = Time resting spent in this place.
 E = Time spent auto-exploring this place.
 F = Levels seen in this place.
 G = Mean time per level.
                   A        B        C        D        E       F      G
               +--------+--------+--------+--------+--------+-----+--------+
         Total |  10270 |   9981 |    289 |   1384 |   7303 |  10 | 1027.0 |
       Dungeon |   9619 |   9339 |    280 |   1264 |   6947 |   8 | 1202.4 |
        Temple |    157 |    148 |      9 |      0 |    125 |   1 |  157.0 |
         Sewer |    494 |    494 |      0 |    120 |    231 |   1 |  494.0 |
               +--------+--------+--------+--------+--------+-----+--------+

Top non-repeatable levels by time:
     D:5: 1944 daAuts
     D:4: 1621 daAuts
     D:7: 1410 daAuts
     D:2: 1371 daAuts
     D:1: 1046 daAuts
     D:6: 982 daAuts
     D:3: 779 daAuts
   Sewer: 494 daAuts
     D:8: 462 daAuts
  Temple: 157 daAuts
